 Dungeon Crawl Stone Soup version 0.28.0-53-g5a82cb258f (webtiles) character file.

Game seed: 9160542491551010602

86 MalarOregon the Cudgeller (level 4, -3/36 HPs)
             Began as a Palentonga Warper on June 15, 2022.
             Slain by Natasha (6 damage)
             ... on level 1 of the Dungeon.
             The game lasted 00:03:13 (2191 turns).

MalarOregon the Cudgeller (Palentonga Warper)       Turns: 2191, Time: 00:03:13

Health: -3/36      AC:  5    Str: 16    XL:     4   Next: 26%
Magic:  7/7        EV: 10    Int: 13    God:
Gold:   53         SH:  0    Dex: 10    Spells: 7/7 levels left

rFire   . . .      SeeInvis +   a - +0 mace
rCold   . . .      Faith    .   (no shield)
rNeg    . . .      Spirit   .   n - +1 robe
rPois   .          Reflect  .   (no helmet)
rElec   .          Harm     .   (no cloak)
rCorr   .          Rampage  .   (no gloves)
Will    .....                   (no barding)
Stlth   +.........              h - amulet of the acrobat
HPRegen 0.12/turn               (no ring)
MPRegen 0.10/turn               (no ring)

@: no status effects
A: large, rugged brown scales 3, see invisible, deformed body, roll 1, armoured
tail
a: Rolling Charge


You were on level 1 of the Dungeon.
You visited 1 branch of the dungeon, and saw 2 of its levels.

You collected 53 gold pieces.


Innate Abilities, Weirdness & Mutations

You are completely covered in rugged brown scales. (AC +3, +7% HP)
You have supernaturally acute eyesight. (SInv)
Armour fits poorly on your strangely shaped body.
You can roll at nearby foes to attack.
You have a long armoured tail.


   Skills:
 + Level 2.6 Fighting
 * Level 3.1 Maces & Flails
 - Level 0.6 Throwing
 + Level 1.4 Armour
 + Level 2.1 Dodging
 + Level 2.4 Spellcasting
 - Level 3.0 Translocations


You had 7 spell levels left.
You didn't know any spells.
Your spell library contained the following spells:

 Spells                   Type           Power      Damage    Failure   Level
 Blink                    Tloc           18%        N/A       11%         2
 Gell's Gravitas          Tloc           9%         N/A       22%         3
 Lesser Beckoning         Tloc           9%         N/A       22%         3
 Teleport Other           Tloc           9%         N/A       22%         3
 Manifold Assault         Tloc           9%         N/A       89%         5

Inventory:

Hand Weapons
 a - a +0 mace (weapon)
Missiles
 b - 6 boomerangs
 d - 5 boomerangs of dispersal {!f}
 i - 49 stones (quivered)
Armour
 n - a +1 robe (worn)
   (You took it off Jessica on level 2 of the Dungeon)
Jewellery
 h - an amulet of the acrobat (around neck)
   (You found it on level 1 of the Dungeon)
Scrolls
 c - a scroll of blinking
 e - 2 scrolls of identify {unknown}
 f - a scroll of silence {unknown}
 j - 2 scrolls of vulnerability {unknown}
 l - a scroll of fog {unknown}
Potions
 g - a potion of berserk rage {unknown}
 k - a potion of heal wounds {unknown}
 m - a potion of curing {unknown}

Dungeon Overview and Level Annotations

Branches:
Dungeon (2/15)

Altars:

Annotations:
D:1 Natasha
D:2 Sigmund

#..# #.# #.# ##.##
#..# #.#
#.########...## #..#
#.# #..............
#..#######.##
#..#######...##
#..(........#####..##
#.###
#.########.....##...#
#.# #.# ##.##.###..#
#.# #.# #.##h# #..#
#.# #.# ###.##@# #..#
#.# #.# ##...##.#
#..# #.# #.#
#.....#.###..# #.#
#.######............#
#.#
#..................##
##.##
#########..........#
##...### ##.###.###.#
#....... #.# #.# #.#
#....### #.# #.# #.#
#>#.####


You could see Natasha.


Message History

You see here 23 bolts.
Jessica shouts!
Jessica mumbles some strange words.
Jessica seems to speed up.
Jessica is nearby!
Jessica looks very angry.
There's nothing you can charge at!
Jessica points at you and mumbles some strange words.
Pain shoots through your body!
Roll where?
Press: ? - help, Dir - move target, f - Jessica
Aim: Jessica, wielding a +0 dagger and wearing a +1 robe (fast)
You roll forward with a clatter of scales!
You hit Jessica but do no damage. Jessica closely misses you.
Jessica hits you with a +0 dagger.
You barely miss Jessica. Jessica barely misses you.
You hit Jessica.
Your tail-slap misses Jessica.
Jessica hits you with a +0 dagger.
* * * LOW HITPOINT WARNING * * *
Jessica barely misses you.
You hit Jessica.
You kill Jessica!
Your Maces & Flails skill increases to level 3!
You have reached level 4!
You feel agile.
Things that are here:
a +0 dagger; a +1 robe
Things that are here:
a +0 dagger; a +1 robe
n - a +1 robe You start removing your armour.
You continue taking off your +0 leather armour. x4
You finish taking off your +0 leather armour.
You start putting on your armour.
You continue putting on your +1 robe. x5
You finish putting on your +1 robe.
You drop a +0 leather armour.
There is an escape hatch in the ceiling here.
Found a stone staircase leading down.
i - 16 stones (gained 1)
i - 17 stones (gained 1)
i - 38 stones (gained 21)
Found 11 stones.
i - 49 stones (gained 11)
Found 22 arrows.
Found a robe.
You see here 22 arrows.
Found 6 boomerangs.
b - 6 boomerangs Sigmund the Dreaded comes into view.
He is wielding a +0 scythe.
Sigmund shouts!
Sigmund gestures at you while chanting. The puff of flame misses you.
There is a stone staircase leading up here.
You climb upwards.
There is a stone staircase leading down here.
You see here 17 arrows.
There is a stone staircase leading down here.
You climb downwards.
Level annotation: Sigmund Natasha mumbles some strange words.
Natasha's front paws start to glow.
Natasha barely misses you.
There is a stone staircase leading up here.
Natasha claws you.
You climb upwards.
There is a stone staircase leading down here.
You closely miss Natasha. Natasha barely misses you.
You hit Natasha. Natasha claws you.
You closely miss Natasha. Natasha completely misses you.
Natasha mumbles some strange words.
Natasha glows brightly for a moment.
Natasha claws you.
You barely miss Natasha.
Your tail-slap misses Natasha.
Natasha stares at you and mumbles some strange words.
The magic dart hits you but does no damage.
You closely miss Natasha. Natasha closely misses you.
You barely miss Natasha. Natasha claws you.
You hit Natasha.
Natasha stares at you and mumbles some strange words.
The magic dart hits you. Natasha claws you but does no damage.
You closely miss Natasha. Natasha completely misses you.
You closely miss Natasha.
Your tail-slap misses Natasha.
Natasha howls an incantation.
Natasha glows brightly for a moment.
Natasha claws you.
You hit Natasha but do no damage.
You tail-slap Natasha, but do no damage.
Natasha casts a spell at you. The magic dart hits you.
* * * LOW HITPOINT WARNING * * *
You thump Natasha! Natasha claws you.
* * * LOW HITPOINT WARNING * * *
Natasha claws you.
* * * LOW HITPOINT WARNING * * *
You closely miss Natasha. You punch Natasha, but do no damage.
Natasha stares at you and mumbles some strange words.
The magic dart hits you!
* * * LOW HITPOINT WARNING * * *
You closely miss Natasha. Natasha claws you.
You die...

Skill      XL: |  1  2  3 |
---------------+----------+-----
Armour         | 1 |  1.4
Dodging        | 2 |  2.1
Maces & Flails | 3 |  3.1
Fighting       | |  2.6
Throwing       | |  0.6
Spellcasting   | |  2.4
Translocations | |  3.0

Action                   |  1- 3 |  4- 6 || total
-------------------------+-------+-------++-------
Melee: Mace              |    79 |    13 ||    92
       Tailslap          |     5 |     1 ||     6
       Punch             |       |     1 ||     1
Throw: Stone             |     4 |       ||     4
 Abil: Rolling Charge    |     8 |       ||     8
Armor: Leather armour    |    22 |       ||    22
       Robe              |       |     2 ||     2
Dodge: Dodged            |    46 |     6 ||    52

Levels and vault maps discovered:
D:1:      psy_arrival_radial02, layout_loops_ring
D:2:      layout_loops_ring, uniq_jessica, uniq_natasha, uniq_sigmund

Notes
Turn   | Place    | Note
-------+----------+-------------------------------------------
     0 | D:1      | MalarOregon the Palentonga Warper began the quest for the
                  | Orb.
     0 | D:1      | Reached XP level 1. HP: 17/17 MP: 3/3
   611 | D:1      | Reached skill level 1 in Armour
   611 | D:1      | Reached XP level 2. HP: 23/23 MP: 5/5
   761 | D:1      | You fall into a shaft and drop 1 floor!
  1134 | D:2      | Noticed Jessica
  1593 | D:2      | Reached XP level 3. HP: 28/29 MP: 6/6
  1677 | D:2      | Noticed Natasha
  1682 | D:2      | Killed Natasha
  1683 | D:2      | Reached skill level 2 in Dodging
  1852 | D:2      | Killed Jessica
  1853 | D:2      | Reached skill level 3 in Maces & Flails
  1853 | D:2      | Reached XP level 4. HP: 16/36 MP: 7/7
  2135 | D:2      | Noticed Sigmund
  2176 | D:2      | Noticed Natasha
  2190 | D:1      | HP: 3/36 [Natasha/magic dart (8)]
  2191 | D:1      | Slain by Natasha

Vanquished Creatures
  Jessica (D:2)
  Natasha (D:2)
  An adder (D:1)
  A dart slug (D:2)
  2 bats (D:1)
  3 endoplasms
  A hobgoblin (D:1)
  3 kobolds
  2 quokkas (D:2)
  3 ball pythons
  4 frilled lizards
  A goblin (D:2)
  2 rats (D:2)
25 creatures vanquished.

Table legend:
 A = Non-vault XP
 B = Vault XP
 C = Vault XP percentage of total XP
 D = Non-vault monster count
 E = Vault monster count
 F = Vault count percentage of total count
                 A         B        C        D         E       F
            +---------+---------+-------+---------+---------+-------
      Total |      50 |      73 |  59.3 |      23 |       2 |   8.0
            +---------+---------+-------+---------+---------+-------
        D:1 |      31 |       0 |   0.0 |      11 |       0 |   0.0
        D:2 |      19 |      73 |  79.3 |      12 |       2 |  14.3
            +---------+---------+-------+---------+---------+-------

Illustrated notes

Table legend:
 A = Kills in this place as a percentage of kills in entire the game.
 B = Kills by you in this place as a percentage of kills by you in the entire game.
 C = Kills by friends in this place as a percentage of kills by friends in the entire game.
 D = Other kills in this place as a percentage of other kills in the entire game.
 E = Experience gained in this place as a percentage of experience gained in the entire game.
 F = Experience gained in this place divided by the number of levels of this place that you have seen.
                   A       B       C       D       E      F
               +-------+-------+-------+-------+-------+----------------------
         Total | 100.0 | 100.0 |   N/A |   N/A | 100.0 |  61.5
       Dungeon | 100.0 | 100.0 |   N/A |   N/A | 100.0 |  61.5
               +-------+-------+-------+-------+-------+----------------------

Table legend: (Time is in decaauts)
 A = Elapsed time spent in this place.
 B = Non-inter-level travel time spent in this place.
 C = Inter-level travel time spent in this place.
 D = Time resting spent in this place.
 E = Time spent auto-exploring this place.
 F = Levels seen in this place.
 G = Mean time per level.
                   A        B        C        D        E       F      G
               +--------+--------+--------+--------+--------+-----+--------+
         Total |   2237 |   2142 |     95 |    533 |   1312 |   2 | 1118.5 |
       Dungeon |   2237 |   2142 |     95 |    533 |   1312 |   2 | 1118.5 |
               +--------+--------+--------+--------+--------+-----+--------+

Top non-repeatable levels by time:
     D:1: 1340 daAuts
     D:2: 896 daAuts
